 Dungeon Crawl Stone Soup version 0.23-a0-402-g64599a10a2 (webtiles) character file.

164 GordonOverkill the Skirmisher (level 5, 0/88 HPs)
             Began as an Ogre Berserker on Nov 4, 2018.
             Was a Believer of Trog.
             Succumbed to a killer bee's poison
             ... on level 4 of the Dungeon.
             The game lasted 00:05:35 (3483 turns).

GordonOverkill the Skirmisher (Ogre Berserker)      Turns: 3483, Time: 00:05:35

Health: 0/88       AC:  4    Str: 26    XL:     5   Next: 45%
Magic:  5/5        EV: 10    Int:  8    God:    Trog [**....]
Gold:   188        SH:  0    Dex:  9    Spells: 4/4 levels left

rFire    . . .     SeeInvis .   a - +2 hand axe (freeze)
rCold    . . .     Gourm    .   (no shield)
rNeg     . . .     Faith    .   b - +1 animal skin
rPois    .         Spirit   .   (helmet restricted)
rElec    .         Reflect  .   (no cloak)
rCorr    .         Harm     .   (gloves unavailable)
MR       .....                  (boots unavailable)
Stlth    ..........             (no amulet)
HPRegen  0.24/turn              (no ring)
MPRegen  0.09/turn              (no ring)

@: berserking (expiring), lethally poisoned (0 -> -24), starving, very quick
A: large, unfitting armour, tough skin 1
a: Berserk, Trog's Hand, Renounce Religion


You were on level 4 of the Dungeon.
You worshipped Trog.
Trog was pleased with you.
You were starving.

You visited 1 branch of the dungeon, and saw 4 of its levels.

You collected 188 gold pieces.

Inventory:

Hand Weapons
 a - a +2 hand axe of freezing (weapon)
 d - a +3 hand axe
Missiles
 g - 154 stones (quivered)
Armour
 b - a +1 animal skin (worn)
Scrolls
 e - 4 scrolls of remove curse
 f - 2 scrolls of enchant armour
 h - a scroll of fear
Potions
 i - a potion of degeneration {unknown}
Comestibles
 c - 5 rations


   Skills:
 + Level 6.0 Fighting
 + Level 4.4 Axes
 + Level 3.1 Dodging


You had 4 spell levels left.
You didn't know any spells.
Your spell library was empty.

Dungeon Overview and Level Annotations

Branches:
Dungeon (4/15)
 Temple: D:4-7

Altars:
Nemelex Xobeh


Innate Abilities, Weirdness & Mutations

You are too large for most types of armour.
You have tough skin. (AC +1)


Message History

* * * LOW HITPOINT WARNING * * *
The killer bee stings you.
* * * LOW HITPOINT WARNING * * *
You are too berserk!
Unknown command.
You miss the killer bee.
The killer bee is severely wounded.
You feel sick. The killer bee stings you.
* * * LOW HITPOINT WARNING * * *
You are lethally poisoned!
The killer bee poisons you!
You hit the killer bee. You freeze the killer bee.
You kill the killer bee!
Trog accepts your kill.
Your Fighting skill increases to level 6!
Your skin stops crawling.
You feel less resistant to hostile enchantments.
* * * LOW HITPOINT WARNING * * *
You feel sick.
You die...

#yy..... . #
....... .. #.
#.....#. #..
#(Z....
#...#....##.##
##.............
..... #y####
.....##.Z..#
........##@###.
###............#
#####.....####....
.......#..........
.......<........
...............#
.......#.......#
..........######
...........


You could see a killer bee and a leopard gecko skeleton.

Vanquished Creatures
  A killer bee (D:4)
  6 adders
  An ooze (D:2)
  A worm (D:2)
  A dart slug (D:1)
  2 leopard geckos
  An orc (D:3)
  2 bats (D:3)
  4 giant cockroaches
  7 goblins
  6 hobgoblins
  6 jackals (D:2)
  A ball python (D:2)
  3 frilled lizards (D:1)
  5 kobolds
  4 rats
51 creatures vanquished.

Notes
Turn   | Place    | Note
-------+----------+-------------------------------------------
     0 | D:1      | GordonOverkill the Ogre Berserker began the quest for the
                  | Orb.
     0 | D:1      | Reached XP level 1. HP: 24/24 MP: 1/1
   333 | D:1      | Reached XP level 2. HP: 32/32 MP: 2/2
  1056 | D:2      | Reached XP level 3. HP: 40/40 MP: 3/3
  1145 | D:2      | Reached skill level 5 in Fighting
  1160 | D:2      | HP: 2/42 [poisoned by an adder]
  1655 | D:2      | Found a sparkling altar of Nemelex Xobeh.
  1824 | D:2      | Reached XP level 4. HP: 50/50 MP: 4/4
  2608 | D:3      | Reached ** piety under Trog
  2949 | D:3      | Reached XP level 5. HP: 48/59 MP: 5/5
  3481 | D:4      | HP: 4/88 [poisoned by a killer bee]
  3482 | D:4      | Reached skill level 6 in Fighting
  3483 | D:4      | Succumbed to a killer bee's poison

Vault maps used:
D:1:      psy_arrival_fountain, serial_bayou_pond_d, patterned_corridor
D:2:      marbit_many_paths, first_ration
D:4:      kennysheep_big_flooded_room, kiku_gazebo_pond_becter, uniq_ijyb

Skill      XL: |  1  2  3  4  5 |
---------------+----------------+-----
Dodging        | 3 |  3.1
Fighting       | 5 6 |  6.0
Axes           | 4 |  4.4

Action                   |  1- 3 |  4- 6 || total
-------------------------+-------+-------++-------
Melee: Hand axe          |   112 |    80 ||   192
Throw: Stone             |    16 |     1 ||    17
Invok: Berserk           |     3 |     2 ||     5
       Trog's Hand       |       |     1 ||     1
  Use: Potion            |     1 |       ||     1
       Scroll            |       |     5 ||     5
 Stab: Sleeping          |     1 |       ||     1
  Eat: Chunk             |     4 |     4 ||     8
       Ration            |       |     1 ||     1
Armor: Animal skin       |    29 |    18 ||    47
Dodge: Dodged            |    67 |    44 ||   111

Table legend:
 A = Non-vault XP
 B = Vault XP
 C = Vault XP percentage of total XP
 D = Non-vault monster count
 E = Vault monster count
 F = Vault count percentage of total count
                 A         B        C        D         E       F
            +---------+---------+-------+---------+---------+-------
      Total |     233 |       2 |   0.9 |      50 |       1 |   2.0
            +---------+---------+-------+---------+---------+-------
        D:1 |      20 |       0 |   0.0 |      12 |       0 |   0.0
        D:2 |      98 |       2 |   2.0 |      24 |       1 |   4.0
        D:3 |      49 |       0 |   0.0 |      13 |       0 |   0.0
        D:4 |      66 |       0 |   0.0 |       1 |       0 |   0.0
            +---------+---------+-------+---------+---------+-------
